Map: 锈化山巅-天梯版

Players

小坚强 (Dragon)

  • Race: Terran Terran
  • League: Master

iGXY (XY) - Winner!

  • Race: Terran Terran

Event: DreamHack SC2 Masters 2021 Summer

VOD

Have the link to the VOD?

Description

Time

  • Played on: May 26, 2021, 8:56 a.m.
  • Length: 15:22

All games in this series

Show
View Real Time Build Order
Export as new Build Order

小坚强 Terran 

Build Orders: 1/1/1, Cyclone Opening 

Get SALT Encoding   

  12  0:00  SCV  
  13  0:12  SCV  
  14  0:17  Supply Depot  
  14  0:24  SCV  
  15  0:29  Refinery  
  15  0:38  SCV  
  16  0:44  Barracks  
  16  0:50  SCV  
  16  0:54  Refinery  
  17  1:03  SCV  
  18  1:15  SCV  
  19  1:31  Barracks Reactor, Orbital Command  
  19  1:34  Factory  
  19  1:42  Supply Depot  
  19  1:56  SCV  
  20  2:07  Marine x2  
  22  2:09  SCV  
  23  2:17  Starport  
  23  2:18  Factory Tech Lab  
  23  2:21  SCV  
  24  2:24  Marine  
  24  2:25  Marine  
  24  2:27  Supply Depot  
  26  2:34  SCV  
  27  2:38  Cyclone  
  32  2:53  Medivac  
  32  3:06  Command Center  
  32  3:09  Marine  
  32  3:11  Marine  
  34  3:14  SCV  
  35  3:26  SCV  
  39  3:28  Starport Tech Lab  
  39  3:36  Supply Depot  
  39  3:39  SCV, Marine x2  
  39  3:57  SCV, Raven, Siege Tank  
  45  4:03  Refinery, Marine x2  
  47  4:18  SCV, Orbital Command  
  47  4:21  Marine  
  49  4:29  Siege Tank  
  49  4:30  SCV, Marine  
  54  4:39  Marine  
  54  4:40  Supply Depot  
  54  4:42  SCV  
  54  4:43  Raven  
  54  4:44  SCV  
  59  4:48  Marine  
  60  4:54  SCV  
  60  4:56  SCV  
  60  4:57  Supply Depot  
  62  5:02  Marine, Siege Tank  
  62  5:06  SCV  
  67  5:08  SCV  
  68  5:15  Marine  
  68  5:18  SCV  
  68  5:20  Marine  
  71  5:26  SCV, Raven  
  71  5:27  Supply Depot  
  74  5:30  SCV  
  74  5:33  Marine  
  76  5:37  Marine  
  77  5:44  SCV  
  77  5:49  SCV, Siege Tank  
  82  5:51  Marine  
  82  5:55  Marine  
  75  5:58  SCV  
  75  6:01  SCV, Supply Depot  
  77  6:07  Command Center  
  77  6:10  SCV  
  78  6:13  SCV  
  79  6:20  Viking  
  79  6:23  SCV, Viking  
  79  6:25  SCV, Marine  
  85  6:30  Stimpack  
  85  6:31  Siege Tank  
  89  6:34  Supply Depot  
  89  6:35  SCV  
  89  6:36  Refinery  
  89  6:37  SCV  
  91  6:43  Marine  
  92  6:48  Supply Depot x2  
  92  6:52  SCV x2  
  94  6:58  Barracks  
  94  6:59  Viking  
  94  7:00  Barracks  
  96  7:01  Marine  
  96  7:05  Siege Tank  
  96  7:19  Marine  
  84  7:26  SCV x2  
  84  7:28  Viking  
  84  7:29  Viking  
  72  7:37  Marine  
  72  7:38  SCV x2  
  72  7:42  Siege Tank  
  78  7:44  Orbital Command  
  72  8:02  Barracks Reactor  
  72  8:04  Barracks Reactor, Marine, Viking x2  
  73  8:05  SCV x2  
  73  8:10  Engineering Bay  
  73  8:11  Engineering Bay  
  74  8:13  SCV  
  74  8:14  Combat Shield  
  74  8:16  Siege Tank  
  74  8:17  SCV  
  74  8:18  SCV  
  80  8:22  Marine  
  80  8:25  SCV  
  82  8:29  SCV  
  82  8:30  SCV  
  82  8:33  Barracks  
  84  8:34  Barracks  
  84  8:35  Refinery  
  84  8:36  Refinery, Medivac x2  
  84  8:37  SCV  
  89  8:42  SCV x2  
  91  8:50  Sensor Tower  
  91  8:52  SCV, Marine x4  
  91  8:54  SCV x2  
  98  8:56  Sensor Tower, Terran Infantry Weapons Level 1  
  98  8:59  Terran Infantry Armor Level 1  
  98  9:00  Marine  
  99  9:05  Siege Tank  
  102  9:10  Marine x3  
  102  9:12  Medivac  
  102  9:15  Marine  
  108  9:18  Marine  
  108  9:21  Marine  
  111  9:28  Marine x3  
  106  9:33  Marine  
  106  9:36  Marine  
  106  9:37  Siege Tank  
  106  9:38  Barracks Reactor  
  107  9:41  Factory  
  107  9:42  Barracks Reactor  
  111  9:45  Marine  
  111  9:46  Marine x2  
  111  9:48  Medivac x2  
  111  9:50  Marine  
  115  9:54  Marine  
  116  10:00  Command Center  
  116  10:03  Marine x3  
  118  10:08  Marine  
  118  10:09  Command Center  
  118  10:10  Factory  
  118  10:11  Marine  
  120  10:15  Marine x2  
  120  10:16  Siege Tank  
  120  10:19  SCV, Armory  
  120  10:20  SCV x2  
  128  10:21  Marine x3  
  128  10:24  Marine x2  
  128  10:26  Factory Tech Lab  
  133  10:29  Supply Depot  
  133  10:33  Marine x3  
  133  10:34  Supply Depot  
  136  10:36  Supply Depot  
  136  10:37  Viking  
  136  10:40  Marine  
  136  10:41  SCV x3  
  142  10:48  Siege Tank  
  145  10:57  Factory Tech Lab  
  145  10:58  Viking  
  136  11:07  Viking  
  128  11:11  SCV  
  128  11:12  SCV x2  
  128  11:18  Siege Tank  
  121  11:20  Siege Tank  
  121  11:22  Marine x3  
  121  11:23  SCV  
  127  11:26  SCV x2  
  127  11:29  Planetary Fortress  
  129  11:34  Marine x2  
  129  11:35  Marine x3  
  129  11:37  Marine  
  134  11:40  Marine x2  
  130  11:50  Siege Tank  
  130  11:52  Marine x2, Siege Tank  
  136  12:06  SCV x4  
  140  12:13  Marine x2  
  140  12:14  Marine x2  
  144  12:16  Siege Tank  
  144  12:17  Marine x2, Medivac  
  144  12:18  Medivac  
  144  12:19  SCV x2  
  144  12:22  SCV x2, Siege Tank  
  160  12:24  Siege Tank  
  163  12:34  Marine x3  
  158  12:47  Viking  
  158  12:49  Siege Tank  
  163  12:51  Marine x2  
  163  12:52  Marine x2  
  163  12:53  Marine x2  
  163  12:54  Marine, Siege Tank  
  163  12:57  Siege Tank  
  176  12:59  Marine  
  176  13:00  Terran Infantry Weapons Level 2  
  176  13:02  Engineering Bay  
  174  13:20  Marine x3  
  174  13:21  Marine x3, Siege Tank  
  174  13:22  Viking x2  
  174  13:23  Marine  
  174  13:26  Supply Depot  
  184  13:29  Siege Tank  
  184  13:30  Marine x2  
  184  13:33  Siege Tank  
  179  13:38  Marine x3  
  172  13:49  Marine  
  172  13:50  Marine x3  
  172  13:53  Siege Tank  
  174  13:56  Marine  
  174  13:57  Marine  
  174  13:58  Marine  
  174  14:00  Liberator  
  162  14:17  Marine x2  
  162  14:19  Marine x2, Siege Tank  
  162  14:20  Marine  
  168  14:37  Marine x3  
  157  14:41  Siege Tank  
  157  14:42  Marine x2  
  157  14:43  Marine  
  168  14:48  Siege Tank  
  168  14:55  Marine x5  
Show
View Real Time Build Order
Export as new Build Order

iGXY Terran - Winner!

Build Orders:  

Get SALT Encoding   

  12  0:00  SCV  
  13  0:12  SCV  
  14  0:17  Supply Depot  
  14  0:24  SCV  
  15  0:39  SCV, Barracks  
  16  0:44  Refinery  
  16  0:51  SCV  
  17  1:03  SCV  
  18  1:15  SCV  
  19  1:26  Marine  
  19  1:27  Orbital Command  
  20  1:41  Command Center  
  21  1:49  Barracks Reactor  
  21  1:52  Supply Depot  
  20  1:55  SCV  
  21  2:07  SCV  
  22  2:09  Factory  
  22  2:17  Bunker  
  22  2:19  SCV  
  22  2:22  Refinery  
  23  2:25  Marine  
  23  2:28  Marine  
  25  2:32  SCV  
  26  2:43  Marine  
  26  2:44  SCV  
  28  2:45  Marine  
  29  2:52  Factory Tech Lab  
  29  2:55  Starport  
  29  2:56  SCV  
  30  3:01  Orbital Command  
  31  3:08  SCV  
  34  3:12  Cyclone  
  34  3:14  Marine  
  34  3:16  Marine  
  36  3:20  SCV  
  36  3:23  Refinery  
  37  3:27  SCV  
  37  3:31  Starport Tech Lab  
  37  3:33  SCV  
  39  3:39  SCV  
  39  3:40  Supply Depot  
  40  3:46  SCV  
  41  3:54  SCV  
  41  3:55  Supply Depot  
  42  3:56  Raven  
  42  3:58  SCV  
  45  4:07  SCV  
  45  4:08  Command Center  
  46  4:13  Supply Depot  
  46  4:16  SCV  
  47  4:19  Siege Tank  
  47  4:20  SCV  
  47  4:23  Marine  
  52  4:25  Marine  
  52  4:28  SCV  
  54  4:35  SCV  
  54  4:36  Supply Depot  
  55  4:39  Raven  
  55  4:40  SCV  
  55  4:41  Marine  
  55  4:43  Marine  
  60  4:47  SCV  
  60  4:50  Supply Depot  
  61  4:53  SCV  
  61  4:57  Siege Tank  
  61  4:59  SCV, Marine  
  67  5:01  Marine  
  67  5:05  SCV  
  67  5:06  Supply Depot  
  69  5:11  SCV  
  70  5:17  SCV, Supply Depot  
  71  5:21  Orbital Command  
  71  5:24  SCV  
  72  5:29  SCV, Siege Tank  
  72  5:35  Marine  
  76  5:37  Viking  
  76  5:38  Viking  
  76  5:39  SCV  
  81  5:47  SCV  
  83  5:52  SCV, Marine  
  83  5:53  Orbital Command  
  84  5:57  Stimpack  
  84  6:00  SCV  
  84  6:01  Barracks  
  85  6:06  Barracks, Siege Tank  
  85  6:07  Viking  
  85  6:08  SCV, Viking  
  85  6:10  Marine  
  94  6:11  Refinery  
  94  6:12  SCV  
  95  6:20  SCV, Engineering Bay  
  95  6:22  Engineering Bay  
  95  6:24  SCV x2  
  98  6:28  Marine  
  100  6:32  SCV  
  100  6:36  SCV x2  
  100  6:37  Viking  
  104  6:43  Supply Depot  
  104  6:45  SCV, Viking  
  107  6:48  SCV x2  
  107  6:51  Supply Depot  
  107  6:52  Terran Infantry Armor Level 1, Terran Infantry Weapons Level 1  
  108  7:00  Barracks Reactor x2  
  108  7:03  Barracks  
  107  7:10  Refinery  
  107  7:13  Marine  
  107  7:14  Siege Tank  
  79  7:31  Marine  
  71  7:37  Marine, Viking x2  
  71  7:38  Marine x3  
  71  7:39  SCV x2  
  71  7:40  SCV  
  71  7:44  Combat Shield  
  82  7:47  Barracks  
  82  7:48  Barracks  
  82  7:49  Marine  
  76  7:51  SCV x2  
  76  7:52  Siege Tank  
  76  7:53  SCV  
  76  7:55  Marine x3  
  76  7:56  Marine  
  80  8:03  SCV  
  81  8:06  Refinery  
  81  8:07  Marine, Viking  
  81  8:12  Barracks Reactor  
  84  8:13  Marine x2  
  84  8:14  Marine x2  
  84  8:15  SCV x2  
  90  8:20  SCV  
  90  8:24  Siege Tank  
  90  8:26  Sensor Tower  
  93  8:27  SCV x2  
  93  8:32  SCV, Marine x3  
  99  8:39  SCV x2, Armory  
  99  8:41  Marine x2  
  102  8:45  Barracks Reactor  
  102  8:47  Medivac  
  105  8:50  Marine x3  
  105  8:51  Supply Depot  
  105  8:53  Marine x2, Medivac  
  112  8:58  Marine  
  112  9:01  Marine, Siege Tank  
  117  9:07  Supply Depot  
  117  9:08  Marine x2  
  117  9:09  SCV x2  
  121  9:20  Command Center  
  123  9:33  Siege Tank  
  123  9:37  Marine x6  
  132  9:47  Terran Infantry Weapons Level 2, Terran Infantry Armor Level 2, Factory  
  132  9:49  Sensor Tower  
  132  9:50  Marine x2  
  130  9:55  Barracks Reactor, Marine x6  
  134  10:01  Refinery  
  134  10:03  Refinery  
  134  10:05  Starport x2  
  137  10:07  Marine, Siege Tank  
  137  10:12  SCV x3  
  141  10:19  Marine x2  
  143  10:21  Marine  
  143  10:26  Terran Vehicle Weapons Level 1  
  144  10:31  Marine x3, Siege Tank  
  150  10:37  Missile Turret  
  150  10:41  Marine x3  
  153  10:48  Supply Depot  
  153  10:49  Missile Turret, Siege Tank  
  156  10:51  Starport Tech Lab  
  153  10:57  Starport Tech Lab  
  153  10:59  Marine  
  153  11:03  Siege Tank  
  149  11:13  Marine x2  
  141  11:19  Marine x2  
  141  11:21  Marine x5, Siege Tank  
  141  11:22  Marine  
  141  11:25  Planetary Fortress  
  146  11:26  Raven  
  146  11:27  Corvid Reactor  
  146  11:31  Marine x2  
  149  11:35  Siege Tank  
  149  11:37  Marine x2  
  149  11:38  Marine x2  
  149  11:39  Marine x4  
  159  11:49  Marine x2  
  159  11:53  Siege Tank  
  162  11:54  Marine x2  
  162  11:56  Marine x2  
  162  11:57  Marine x4  
  167  12:07  Marine x2, Siege Tank  
  167  12:08  Terran Infantry Weapons Level 3, Terran Infantry Armor Level 3  
  172  12:11  SCV x3  
  172  12:12  Marine x2  
  172  12:14  Marine x3  
  172  12:22  Marine, Medivac x2  
  177  12:23  SCV x2  
  177  12:25  Siege Tank  
  177  12:28  Raven  
  184  12:39  Siege Tank  
  184  12:43  Marine, Command Center  
  182  12:46  Command Center  
  182  12:49  Raven  
  184  12:57  Siege Tank  
  187  12:58  Command Center  
  187  13:12  Viking x2  
  188  13:21  Supply Depot  
  188  13:22  Supply Depot  
  188  13:25  Siege Tank  
  178  13:31  Siege Tank  
  178  13:33  Marine x4  
  178  13:34  Marine x6  
  158  13:51  Marine x10  
  155  13:57  Siege Tank  
  149  14:03  Siege Tank  
  149  14:09  Orbital Command, Marine x10  
  161  14:17  Medivac x2  
  165  14:24  Raven x2  
  165  14:27  Marine x2  
  165  14:29  Siege Tank  
  176  14:38  Planetary Fortress  
  174  14:47  Viking x2  
  174  14:51  Orbital Command  
  174  14:52  Marine x4  
  184  14:55  Marine  
  184  14:56  Marine x3  
Tags
 
Add a new tag
Caveats
  • Supply blocks, unpowered buildings, or Contaminate may cause inaccurate times.
  • Supply counts are checked every 10 seconds.